 Dungeon Crawl Stone Soup version 0.32-a0-841-g4648e6c457 (webtiles) character file.

Game seed: 159344798263057533

189 Maxmaps the Cutter (level 5, 0/54 HPs)
             Began as an Octopode Shapeshifter on Mar 26, 2024.
             Slain by an ufetubus (1 damage)
             ... on level 3 of the Dungeon.
             The game lasted 00:02:30 (1632 turns).

Maxmaps the Cutter (Octopode Shapeshifter)          Turns: 1632, Time: 00:02:30

Health: 0/54       AC: 22    Str: 13    XL:     5   Next: 68%
Magic:  5/5        EV:  2    Int: 14    God:
Gold:   106        SH:  0    Dex: 12    Spells: 4/4 levels left

rFire   . . .        i - +0 quick blade
rCold   . . .        (no shield)
rNeg    . . .        (helmet currently unavailable)
rPois   +            (no amulet)
rElec   .            h - +5 ring of evasion
rCorr   .            (no ring)
SInv    .            (no ring)
Will    .....        (no ring)
Stlth   ++           (no ring)
HPRegen 0.29/turn    (no ring)
MPRegen 0.09/turn    (no ring)
                     (no ring)

%: no passive effects
@: tree-form
A: stationary, stasis, torment immunity, boosted hp, almost no armour,
(amphibious), 8 rings, (camouflage 1), (gelatinous body 1), (nimble swimmer 1),
(tentacles)
a: no special abilities


You were on level 3 of the Dungeon.
You were a tree.
You visited 1 branch of the dungeon, and saw 3 of its levels.

You collected 106 gold pieces.

Inventory:

Hand Weapons
 i - a +0 quick blade (weapon)
Jewellery
 h - a +5 ring of evasion (left branch)
Talismans
 b - a beast talisman (active)
 c - a flux talisman
Scrolls
 e - a scroll of revelation {unknown}
 g - a scroll of identify {unknown}
 j - 2 scrolls of teleportation {unknown}
 k - 3 scrolls of vulnerability {unknown}
Potions
 a - a potion of lignification
 d - a potion of brilliance {unknown}
 f - a potion of might {unknown}


   Skills:
 - Level 3.1 Fighting
 + Level 4.0 Short Blades
 - Level 2.0 Dodging
 - Level 1.0 Stealth
 - Level 3.0 Unarmed Combat
 - Level 3.0 Shapeshifting


You had 4 spell levels left.
You didn't know any spells.
Your spell library contained the following spells:

 Spells                   Type           Power      Damage    Failure   Level
 Apportation              Tloc           0%         N/A       28%         1
 Necrotise                Necr           0%         1d4       28%         1
 Sting                    Conj/Alch      0%         1d3       28%         1
 Summon Small Mammal      Summ           0%         N/A       28%         1


Dungeon Overview and Level Annotations

Branches:
Dungeon (3/15)

Altars:

Shops:
D:1 *


Innate Abilities, Weirdness & Mutations

You are a tree.
Your roots penetrate the ground, keeping you stationary.
You cannot be teleported.
You are immune to unholy pain and torment.
Your maximum health is greatly increased.
You cannot wear most types of armour.
((You are amphibious.))
You can wear up to eight rings at the same time.
((Your skin changes colour to match your surroundings (Stealth+).))
((Your rubbery body absorbs attacks. (AC +1, EV +1)))
((You are camouflaged when in or above water. (Stealth+)))
((You have tentacles for arms and can constrict up to eight enemies at once.))


Message History

The ufetubus hits you but does no damage. x2
The quokka bites you but does no damage.
The ufetubus hits you but does no damage. x2
You barely miss the quokka. You hit the quokka.
You kill the quokka!
The ufetubus hits you but does no damage. x6
You hit the ufetubus but do no damage. You barely miss the ufetubus.
The ufetubus hits you but does no damage. x6
You hit the ufetubus. You hit the ufetubus but do no damage.
The ufetubus is lightly wounded.
The ufetubus barely misses you.
The ufetubus hits you but does no damage. x2
The ufetubus hits you.
* * * LOW HITPOINT WARNING * * *
The ufetubus hits you but does no damage. x2
You hit the ufetubus. You hit the ufetubus but do no damage.
The ufetubus is heavily wounded.
The ufetubus hits you but does no damage. x4
The ufetubus hits you.
* * * LOW HITPOINT WARNING * * *
The ufetubus barely misses you.
You hit the ufetubus. x2
The ufetubus is almost dead.
The ufetubus hits you but does no damage. x6
You hit the ufetubus but do no damage. You closely miss the ufetubus.
The ufetubus is almost dead.
The ufetubus hits you but does no damage. x6
You hit the ufetubus. You closely miss the ufetubus.
The ufetubus is almost dead.
The ufetubus hits you but does no damage.
The ufetubus hits you.
* * * LOW HITPOINT WARNING * * *
The ufetubus hits you but does no damage. x4
A bat comes into view.
You hit the ufetubus.
You kill the ufetubus!
The ufetubus slips past you!
The ufetubus hits you but does no damage. x3
The ufetubus hits you.
You die...

#.............#
#.............#
#....b........#
#.............#
#.............#
#.)...........# ###
#.....†5......# #..
.......♣......# #..
..............####
###..
..................
.....
..............#..#
####
..............#..#
..............#..# #
..............#..##
#
#######....####...##
## #.....# #.#..##
#.


You could see an ufetubus and a bat.

Vanquished Creatures
  Natasha (thrice) (D:3)
  A gnoll (D:1)
  7 adders
  An ufetubus (D:3)
  A ribbon worm (D:2)
  4 endoplasms
  2 giant cockroaches
  2 goblins
  4 hobgoblins
  2 quokkas (D:3)
  A ball python (D:1)
  7 bats
  4 frilled lizards
  5 kobolds
  A rat (D:1)
45 creatures vanquished.

Vanquished Creatures (others)
  A rat (D:2)
1 creature vanquished.

Grand Total: 46 creatures vanquished

Notes
Turn   | Place    | Note
-------+----------+-------------------------------------------
     0 | D:1      | Maxmaps the Octopode Shapeshifter began the quest for the
                  | Orb.
     0 | D:1      | Reached XP level 1. HP: 13/13 MP: 1/1
    19 | D:1      | Found Elat's General Store.
   169 | D:1      | Reached XP level 2. HP: 12/20 MP: 2/2
   575 | D:1      | Reached XP level 3. HP: 25/25 MP: 3/3
   773 | D:2      | Found a faded altar of an unknown god.
   827 | D:2      | Reached skill level 1 in Stealth
   989 | D:2      | Reached skill level 1 in Short Blades
   989 | D:2      | Reached XP level 4. HP: 31/31 MP: 4/4
  1158 | D:2      | Reached skill level 2 in Short Blades
  1476 | D:3      | Noticed Natasha
  1484 | D:3      | Killed Natasha
  1490 | D:3      | Reached skill level 3 in Short Blades
  1490 | D:3      | Reached XP level 5. HP: 34/36 MP: 5/5
  1514 | D:3      | Noticed Natasha
  1521 | D:3      | Killed Natasha
  1616 | D:3      | Noticed Natasha
  1622 | D:3      | Killed Natasha
  1623 | D:3      | Reached skill level 4 in Short Blades
  1628 | D:3      | HP: 2/54 [ufetubus (1)]
  1632 | D:3      | Slain by an ufetubus

Illustrated notes

Levels and vault maps discovered:
D:1:      evilmike_arrival_hilbert_curve, layout_loops_cross, serial_shops,
          nicolae_shop_just_a_little_nook
D:2:      layout_loops_cross, shapermc_ecumenical_altar_gd,
          nicolae_concentric_dashed_squares_wild, lemuel_flame_loot_1
D:3:      layout_basic, kennysheep_flooded_box, minmay_increasing_density,
          uniq_natasha

Skill      XL: |  1  2  3  4  5 |
---------------+----------------+-----
Fighting       | 2 3 |  3.1
Stealth        | 1 |  1.0
Short Blades   | 1 3 4 |  4.0
Dodging        | |  2.0
Unarmed Combat | |  3.0
Shapeshifting  | |  3.0

Action                     |  1- 3 |  4- 6 || total
---------------------------+-------+-------++-------
  Melee: Unarmed           |    34 |       ||    34
         Constrict         |    13 |    13 ||    26
         Tentacles         |    10 |    10 ||    20
         Quick blade       |     7 |    64 ||    71
    Use: Potion            |       |     1 ||     1
   Stab: Sleeping          |     7 |     7 ||    14
 Armour: Skin              |     7 |    67 ||    74
  Dodge: Dodged            |    22 |    25 ||    47

Table legend: (Time is in decaauts)
 A = Elapsed time spent in this place.
 B = Non-inter-level travel time spent in this place.
 C = Inter-level travel time spent in this place.
 D = Time resting spent in this place.
 E = Time spent auto-exploring this place.
 F = Levels seen in this place.
 G = Mean time per level.
                   A        B        C        D        E       F      G
               +--------+--------+--------+--------+--------+-----+--------+
         Total |   1631 |   1592 |     39 |      0 |   1276 |   3 |  543.7 |
       Dungeon |   1631 |   1592 |     39 |      0 |   1276 |   3 |  543.7 |
               +--------+--------+--------+--------+--------+-----+--------+

Top non-repeatable levels by time:
     D:2: 707 daAuts
     D:1: 696 daAuts
     D:3: 227 daAuts
